| TOP OF THE 1ST |
|
Minnesota (NYP) Twins batting - Pitching for Everett AquaSox : RHP Trevor Jacobsen
|
|
Pitching: RHP Trevor Jacobsen
|
|
|
Batting: RHB Caleb Bockmann
|
0-0: Ball 1-0: Ball 2-0: SINGLE (Flyball, 56D, EV 96.2 MPH)
|
|
Batting: RHB Steve Terrell
|
0-0: Ground out 6-3 (Groundball, 6MS, EV 83.1 MPH) Caleb Bockmann to second
|
|
Batting: LHB Tomas Espino
|
0-0: Ball 1-0: Ball 2-0: Ball 3-0: Called Strike 3-1: Called Strike 3-2: Foul Ball, location: 2F 3-2: Strikes out swinging
|
|
Batting: RHB Alexandre Garcia
|
0-0: Called Strike 0-1: Foul Ball, location: 2F 0-2: Foul Ball, location: 2F 0-2: Strikes out looking
|
| Top of the 1st over - 0 runs, 1 hit, 0 errors, 1 left on base; Minnesota (NYP) 0 - Everett 0 |
| BOTTOM OF THE 1ST |
|
Everett AquaSox batting - Pitching for Minnesota (NYP) Twins : RHP Gary Triska
|
|
Pitching: RHP Gary Triska
|
|
|
Batting: SHB Tony Morales
|
0-0: Called Strike 0-1: Ball 1-1: Ball 2-1: Swinging Strike 2-2: Foul Ball, location: 2F 2-2: Foul Ball, location: 2F 2-2: Ball 3-2: Base on Balls
|
|
Batting: RHB Jwahir Pili
|
0-0: Ball Tony Morales steals 2nd base 1-0: Ball 2-0: Ball 3-0: Called Strike 3-1: Called Strike 3-2: Base on Balls
|
|
Batting: RHB Marco Diaz
|
0-0: Called Strike 0-1: Ball 1-1: Foul Ball, location: 2F 1-2: Fly out, F7 (Flyball, 7, EV 91.9 MPH)
|
|
Batting: LHB Chris Jackson
|
0-0: Called Strike 0-1: Ball 1-1: Called Strike 1-2: Reached on error, E6 (Groundball, 6MS, EV 87.5 MPH) Tony Morales to third Jwahir Pili to second
|
|
Batting: RHB Matt Fenimore
|
0-0: Ball 1-0: Ball 2-0: Called Strike 2-1: Swinging Strike 2-2: Foul Ball, location: 2F 2-2: Ball 3-2: SINGLE (Groundball, 4M, EV 105.6 MPH) (infield hit) Tony Morales scores Jwahir Pili to third Chris Jackson to second
|
|
Batting: LHB William Gonzales
|
0-0: Called Strike 0-1: Called Strike 0-2: Strikes out swinging
|
|
Batting: RHB Jose Zuniga
|
0-0: Ball 1-0: Swinging Strike 1-1: Called Strike 1-2: Ball 2-2: Foul Ball, location: 2F 2-2: Strikes out swinging
|
| Bottom of the 1st over - 1 run, 1 hit, 1 error, 3 left on base; Minnesota (NYP) 0 - Everett 1 |
| TOP OF THE 2ND |
|
Minnesota (NYP) Twins batting - Pitching for Everett AquaSox : RHP Trevor Jacobsen
|
|
Batting: RHB Pat Adams
|
0-0: Ball 1-0: Foul Ball, location: 2F 1-1: Foul Ball, location: 2F 1-2: SINGLE (Groundball, 6D, EV 96.2 MPH)
|
|
Batting: RHB David McClellan
|
0-0: Foul Ball, location: 2F 0-1: Fly out, F7 (Flyball, 78M, EV 83.8 MPH)
|
|
Batting: LHB Jose Hilario
|
0-0: Ball Wild Pitch! Pat Adams to second 1-0: Ball 2-0: Called Strike 2-1: Called Strike 2-2: Strikes out swinging
|
|
Batting: RHB Ton van Dijk
|
0-0: Ball Wild Pitch! Pat Adams to third 1-0: Hit by Pitch
|
|
Batting: RHB Ioan Biros
|
0-0: Ball Ton van Dijk is caught stealing 2nd base 2-4
|
| Top of the 2nd over - 0 runs, 1 hit, 0 errors, 1 left on base; Minnesota (NYP) 0 - Everett 1 |
| BOTTOM OF THE 2ND |
|
Everett AquaSox batting - Pitching for Minnesota (NYP) Twins : RHP Gary Triska
|
|
Batting: RHB Omar Solis
|
0-0: Ball 1-0: Called Strike 1-1: Foul Ball, location: 2F 1-2: Ball 2-2: Ball 3-2: Strikes out looking
|
|
Batting: RHB James Bickel
|
0-0: Ball 1-0: Ground out 5-3 (Groundball, 56S, EV 86.9 MPH)
|
|
Batting: SHB Tony Morales
|
0-0: Called Strike 0-1: SINGLE (Groundball, 56D, EV 103.8 MPH)
|
|
Batting: RHB Jwahir Pili
|
0-0: Called Strike Tony Morales steals 2nd base 0-1: Ball 1-1: Ball 2-1: Foul Ball, location: 2F 2-2: Foul Ball, location: 2F 2-2: Strikes out swinging
|
| Bottom of the 2nd over - 0 runs, 1 hit, 0 errors, 1 left on base; Minnesota (NYP) 0 - Everett 1 |
| TOP OF THE 3RD |
|
Minnesota (NYP) Twins batting - Pitching for Everett AquaSox : RHP Trevor Jacobsen
|
|
Batting: RHB Ioan Biros
|
0-0: Ball 1-0: Ball 2-0: Called Strike 2-1: Foul Ball, location: 2F 2-2: Ball 3-2: Base on Balls
|
|
Batting: RHB Caleb Bockmann
|
0-0: Called Strike 0-1: Called Strike 0-2: Strikes out swinging
|
|
Batting: RHB Steve Terrell
|
0-0: Ball 1-0: Foul Ball, location: 2F 1-1: Swinging Strike 1-2: Foul Ball, location: 2F 1-2: Strikes out swinging
|
|
Batting: LHB Tomas Espino
|
0-0: 2-RUN HOME RUN (Flyball, 7LD, EV 93.1 MPH), Distance : 341 ft
|
|
Batting: RHB Alexandre Garcia
|
0-0: Called Strike 0-1: Called Strike 0-2: Ball 1-2: Ball 2-2: Foul Ball, location: 2F 2-2: DOUBLE (Line Drive, 89XD, EV 104.4 MPH)
|
|
Batting: RHB Pat Adams
|
0-0: Ball 1-0: Foul Ball, location: 2F 1-1: SINGLE (Groundball, 56S, EV 71.2 MPH) (infield hit) Alexandre Garcia to third
|
|
Batting: RHB David McClellan
|
0-0: Ball 1-0: Ball 2-0: Ball 3-0: Called Strike 3-1: SINGLE (Groundball, 34D, EV 99.4 MPH) Alexandre Garcia scores Pat Adams to second Runner from 2nd tries for 3rd, SAFE, throw by RF made to third
|
|
Batting: LHB Jose Hilario
|
0-0: Ground out 4-3 (Groundball, 4, EV 86.9 MPH)
|
| Top of the 3rd over - 3 runs, 4 hits, 0 errors, 2 left on base; Minnesota (NYP) 3 - Everett 1 |
| BOTTOM OF THE 3RD |
|
Everett AquaSox batting - Pitching for Minnesota (NYP) Twins : RHP Gary Triska
|
|
Batting: RHB Marco Diaz
|
0-0: Called Strike 0-1: Fly out, F9 (Flyball, 9D, EV 90.0 MPH)
|
|
Batting: LHB Chris Jackson
|
0-0: Swinging Strike 0-1: Ball 1-1: Ball 2-1: Ball 3-1: SINGLE (Line Drive, 34, EV 102.5 MPH)
|
|
Batting: RHB Matt Fenimore
|
0-0: Ball Pickoff Throw by Catcher to First - Out! 1-0: DOUBLE (Flyball, 89D, EV 98.8 MPH)
|
|
Batting: LHB William Gonzales
|
0-0: Ground out U3 (Groundball, 3, EV 111.2 MPH)
|
| Bottom of the 3rd over - 0 runs, 2 hits, 0 errors, 1 left on base; Minnesota (NYP) 3 - Everett 1 |
| TOP OF THE 4TH |
|
Minnesota (NYP) Twins batting - Pitching for Everett AquaSox : RHP Trevor Jacobsen
|
|
Batting: RHB Ton van Dijk
|
0-0: Ground out 5-3 (Groundball, 56S, EV 83.8 MPH)
|
|
Batting: RHB Ioan Biros
|
0-0: Ball 1-0: Called Strike 1-1: Swinging Strike 1-2: Ground out U3 (Groundball, 34S, EV 91.2 MPH)
|
|
Batting: RHB Caleb Bockmann
|
0-0: Ball 1-0: Swinging Strike 1-1: Ball 2-1: Foul Ball, location: 2F 2-2: Strikes out swinging
|
| Top of the 4th over - 0 runs, 0 hits, 0 errors, 0 left on base; Minnesota (NYP) 3 - Everett 1 |
| BOTTOM OF THE 4TH |
|
Everett AquaSox batting - Pitching for Minnesota (NYP) Twins : RHP Gary Triska
|
|
Batting: RHB Jose Zuniga
|
0-0: Ball 1-0: Called Strike 1-1: Foul Ball, location: 2F 1-2: Foul Ball, location: 2F 1-2: Ball 2-2: Foul Ball, location: 2F 2-2: DOUBLE (Flyball, 8LXD, EV 103.1 MPH)
|
|
Batting: RHB Omar Solis
|
0-0: Ball 1-0: SINGLE (Line Drive, 78S, EV 101.2 MPH) Jose Zuniga to third
|
|
Batting: RHB James Bickel
|
0-0: Ball Omar Solis steals 2nd base 1-0: Foul Ball, location: 2F 1-1: Ball 2-1: Called Strike 2-2: SINGLE (Groundball, 34D, EV 96.2 MPH) Jose Zuniga scores Omar Solis to third
|
|
Batting: SHB Tony Morales
|
0-0: Called Strike 0-1: Ball 1-1: Foul Ball, location: 2F 1-2: Foul Ball, location: 2F 1-2: Strikes out swinging
|
|
Pitching: RHP Cody Bryant
|
|
|
Batting: RHB Jwahir Pili
|
0-0: Ball 1-0: Called Strike 1-1: Called Strike 1-2: Foul Ball, location: 2F 1-2: Strikes out looking
|
|
Batting: RHB Marco Diaz
|
0-0: Called Strike 0-1: Ball 1-1: Swinging Strike 1-2: Ball 2-2: Ball 3-2: Foul Ball, location: 2F 3-2: Foul Ball, location: 2F 3-2: Foul Ball, location: 2F 3-2: Strikes out looking
|
| Bottom of the 4th over - 1 run, 3 hits, 0 errors, 2 left on base; Minnesota (NYP) 3 - Everett 2 |
| TOP OF THE 5TH |
|
Minnesota (NYP) Twins batting - Pitching for Everett AquaSox : RHP Trevor Jacobsen
|
|
Batting: RHB Steve Terrell
|
0-0: Called Strike 0-1: Foul Ball, location: 2F 0-2: Ball 1-2: Ground out 5-3 (Groundball, 56, EV 82.5 MPH)
|
|
Batting: LHB Tomas Espino
|
0-0: Called Strike 0-1: Ball 1-1: Ball 2-1: Ball 3-1: SINGLE (Flyball, 78S, EV 93.1 MPH)
|
|
Batting: RHB Alexandre Garcia
|
0-0: Called Strike 0-1: Ball 1-1: Ball 2-1: Ball 3-1: Foul Ball, location: 2F 3-2: Strikes out looking
|
|
Batting: RHB Pat Adams
|
0-0: Ball 1-0: Swinging Strike 1-1: Foul Ball, location: 2F 1-2: Ball 2-2: Ground out 4-3 (Groundball, 34S, EV 83.8 MPH)
|
| Top of the 5th over - 0 runs, 1 hit, 0 errors, 1 left on base; Minnesota (NYP) 3 - Everett 2 |
| BOTTOM OF THE 5TH |
|
Everett AquaSox batting - Pitching for Minnesota (NYP) Twins : RHP Cody Bryant
|
|
Batting: LHB Chris Jackson
|
0-0: Called Strike 0-1: Ball 1-1: DOUBLE (Line Drive, 7LS, EV 101.2 MPH)
|
|
Batting: RHB Matt Fenimore
|
0-0: Swinging Strike 0-1: Swinging Strike 0-2: Foul Ball, location: 2F 0-2: Foul Ball, location: 2F 0-2: Strikes out swinging
|
|
Batting: LHB William Gonzales
|
0-0: Called Strike 0-1: Ball 1-1: Ball 2-1: Ground out U3 (Groundball, 3, EV 93.8 MPH) Chris Jackson to third
|
|
Batting: RHB Jose Zuniga
|
0-0: Foul Ball, location: 2F 0-1: Foul Ball, location: 2F 0-2: Ball 1-2: Ball 2-2: Ball 3-2: Strikes out swinging
|
| Bottom of the 5th over - 0 runs, 1 hit, 0 errors, 1 left on base; Minnesota (NYP) 3 - Everett 2 |
| TOP OF THE 6TH |
|
Minnesota (NYP) Twins batting - Pitching for Everett AquaSox : RHP Trevor Jacobsen
|
|
Pitching: LHP Chris Wheeler
|
|
|
Batting: RHB David McClellan
|
0-0: Ball 1-0: Foul Ball, location: 2F 1-1: Called Strike 1-2: TRIPLE (Groundball, 3L, EV 100.0 MPH)
|
|
Batting: LHB Jose Hilario
|
0-0: Called Strike 0-1: Ball 1-1: Called Strike 1-2: Ball 2-2: Fly out, F8 (Flyball, 8RS, EV 86.2 MPH)
|
|
Batting: RHB Ton van Dijk
|
0-0: Hit by Pitch
|
|
Batting: RHB Ioan Biros
|
0-0: Ball 1-0: Called Strike 1-1: Ball Ton van Dijk steals 2nd base 2-1: Called Strike 2-2: Ground out 4-3 (Groundball, 34D, EV 85.0 MPH) David McClellan scores Ton van Dijk to third
|
|
Batting: RHB Caleb Bockmann
|
0-0: Ball 1-0: Ball 2-0: Called Strike 2-1: Foul Ball, location: 2F 2-2: Foul Ball, location: 2F 2-2: Ball 3-2: Base on Balls
|
|
Batting: RHB Steve Terrell
|
0-0: Ball 1-0: Fly out, F7 (Line Drive, 7S, EV 93.8 MPH)
|
| Top of the 6th over - 1 run, 1 hit, 0 errors, 2 left on base; Minnesota (NYP) 4 - Everett 2 |
| BOTTOM OF THE 6TH |
|
Everett AquaSox batting - Pitching for Minnesota (NYP) Twins : RHP Cody Bryant
|
|
Batting: RHB Omar Solis
|
0-0: Called Strike 0-1: Swinging Strike 0-2: Ball 1-2: Foul Ball, location: 2F 1-2: Ball 2-2: Ball 3-2: Fly out, F6 (Line Drive, 6MD, EV 66.9 MPH)
|
|
Batting: RHB James Bickel
|
0-0: Swinging Strike 0-1: Swinging Strike 0-2: SINGLE (Line Drive, 6MD, EV 109.4 MPH)
|
|
Pitching: RHP Chad Brock
|
|
|
Batting: SHB Tony Morales
|
0-0: Called Strike 0-1: Ball 1-1: Ball 2-1: Fielders Choice at 2nd, 4-6 (Groundball, 4, EV 101.9 MPH)
|
|
Batting: RHB Jwahir Pili
|
0-0: Ball Tony Morales steals 2nd base (no throw) 1-0: TRIPLE (Line Drive, 89XD, EV 105.0 MPH) Tony Morales scores
|
|
Batting: RHB Marco Diaz
|
0-0: Called Strike 0-1: Ball 1-1: Swinging Strike 1-2: Ball 2-2: Ball 3-2: Base on Balls
|
|
Batting: LHB Chris Jackson
|
0-0: Called Strike 0-1: Ball 1-1: Called Strike 1-2: Fielders Choice at 2nd, 6-4 (Groundball, 6, EV 85.6 MPH)
|
| Bottom of the 6th over - 1 run, 2 hits, 0 errors, 2 left on base; Minnesota (NYP) 4 - Everett 3 |
| TOP OF THE 7TH |
|
Minnesota (NYP) Twins batting - Pitching for Everett AquaSox : LHP Chris Wheeler
|
|
Pitching: RHP Matt Lane
|
|
|
Batting: LHB Tomas Espino
|
0-0: Ball 1-0: Ground out 4-3 (Groundball, 4S, EV 76.2 MPH)
|
|
Batting: RHB Alexandre Garcia
|
0-0: Ball 1-0: Ball 2-0: Called Strike 2-1: TRIPLE (Groundball, 3L, EV 107.5 MPH)
|
|
Batting: RHB Pat Adams
|
0-0: Intentional Walk
|
|
Batting: RHB David McClellan
|
0-0: Called Strike Pat Adams steals 2nd base 0-1: SINGLE (Groundball, 5L, EV 88.1 MPH) (infield hit) Alexandre Garcia scores Pat Adams to third
|
|
Batting: LHB Jose Hilario
|
0-0: Ball David McClellan steals 2nd base 1-0: Intentional Walk
|
|
Batting: RHB Ton van Dijk
|
0-0: Ball 1-0: Foul Ball, location: 2F 1-1: Ball 2-1: Foul Ball, location: 2F 2-2: Foul Ball, location: 2F 2-2: Foul Ball, location: 2F 2-2: Foul Ball, location: 2F 2-2: Foul Ball, location: 2F 2-2: Foul Ball, location: 2F 2-2: Strikes out swinging
|
|
Batting: RHB Ioan Biros
|
0-0: Called Strike 0-1: Foul Ball, location: 2F 0-2: Strikes out looking
|
| Top of the 7th over - 1 run, 2 hits, 0 errors, 3 left on base; Minnesota (NYP) 5 - Everett 3 |
| BOTTOM OF THE 7TH |
|
Everett AquaSox batting - Pitching for Minnesota (NYP) Twins : RHP Chad Brock
|
|
Batting: RHB Matt Fenimore
|
0-0: DOUBLE (Line Drive, 9LM, EV 106.2 MPH)
|
|
Batting: LHB William Gonzales
|
0-0: Ball 1-0: Ball 2-0: Foul Ball, location: 2F 2-1: DOUBLE (Flyball, 7LD, EV 97.5 MPH) Matt Fenimore scores
|
|
Batting: RHB Jose Zuniga
|
0-0: Called Strike 0-1: Ball 1-1: Called Strike 1-2: Ball 2-2: Ball 3-2: DOUBLE (Line Drive, 9LS, EV 91.9 MPH) William Gonzales scores
|
|
Batting: RHB Omar Solis
|
0-0: Ball 1-0: Foul Ball, location: 2F 1-1: Called Strike 1-2: Strikes out swinging
|
|
Pitching: LHP Travis Joyal
|
|
|
Batting: RHB James Bickel
|
0-0: Ball 1-0: Ball 2-0: Foul Ball, location: 2F 2-1: Called Strike 2-2: Foul Ball, location: 2F 2-2: Strikes out swinging
|
|
Batting: SHB Tony Morales
|
0-0: Ball 1-0: Called Strike 1-1: Ball 2-1: Ball 3-1: Swinging Strike 3-2: Base on Balls
|
|
Batting: RHB Jwahir Pili
|
0-0: Ball 1-0: Foul Ball, location: 2F 1-1: Ball 2-1: Fielders Choice at 2nd, 6-4 (Groundball, 6, EV 80.0 MPH)
|
| Bottom of the 7th over - 2 runs, 3 hits, 0 errors, 2 left on base; Minnesota (NYP) 5 - Everett 5 |
| TOP OF THE 8TH |
|
Minnesota (NYP) Twins batting - Pitching for Everett AquaSox : RHP Matt Lane
|
|
Batting: RHB Caleb Bockmann
|
0-0: Ball 1-0: Ball 2-0: Called Strike 2-1: Ball 3-1: SINGLE (Flyball, 4D, EV 87.5 MPH)
|
|
Pitching: RHP Jamie Johnston
|
|
|
Batting: RHB Steve Terrell
|
0-0: Called Strike Caleb Bockmann steals 2nd base 0-1: Ball 1-1: Reached on error, E1 (Groundball, 15S, EV 58.8 MPH) Caleb Bockmann to third
|
|
Batting: LHB Tomas Espino
|
0-0: Foul Ball, location: 2F 0-1: Called Strike 0-2: Fielders Choice at 2nd, 3-6 (Groundball, 3, EV 87.5 MPH) Caleb Bockmann scores
|
|
Batting: RHB Alexandre Garcia
|
0-0: Called Strike 0-1: Foul Ball, location: 2F 0-2: Ball 1-2: Ball 2-2: Foul Ball, location: 2F 2-2: Ball 3-2: Foul Ball, location: 2F 3-2: Ground out 4-3 (Groundball, 4, EV 86.9 MPH) Tomas Espino to second
|
|
Batting: RHB Pat Adams
|
0-0: Called Strike 0-1: Foul Ball, location: 2F 0-2: Ball 1-2: Foul Ball, location: 2F 1-2: Strikes out swinging
|
| Top of the 8th over - 1 run, 1 hit, 1 error, 1 left on base; Minnesota (NYP) 6 - Everett 5 |
| BOTTOM OF THE 8TH |
|
Everett AquaSox batting - Pitching for Minnesota (NYP) Twins : LHP Travis Joyal
|
|
Batting: RHB Marco Diaz
|
0-0: Ball 1-0: Ball 2-0: Ball 3-0: Called Strike 3-1: Ground out U3 (Groundball, 34, EV 103.1 MPH)
|
|
Batting: LHB Chris Jackson
|
0-0: Called Strike 0-1: Ground out 1-3 (Groundball, 13, EV 68.8 MPH)
|
|
Batting: RHB Matt Fenimore
|
0-0: Foul Ball, location: 2F 0-1: Ball 1-1: Ball 2-1: Swinging Strike 2-2: Ball 3-2: Fly out, F2 (Popup, 3SF, EV 71.2 MPH)
|
| Bottom of the 8th over - 0 runs, 0 hits, 0 errors, 0 left on base; Minnesota (NYP) 6 - Everett 5 |
| TOP OF THE 9TH |
|
Minnesota (NYP) Twins batting - Pitching for Everett AquaSox : RHP Jamie Johnston
|
|
Batting: RHB David McClellan
|
0-0: Called Strike 0-1: Foul Ball, location: 2F 0-2: Foul Ball, location: 2F 0-2: Fly out, F4 (Popup, 34S, EV 86.2 MPH)
|
|
Batting: LHB Jose Hilario
|
0-0: Ball 1-0: Ball 2-0: Ball 3-0: Base on Balls
|
|
Batting: RHB Ton van Dijk
|
0-0: Called Strike 0-1: Ball 1-1: Ball 2-1: Foul Ball, location: 2F 2-2: Foul Ball, location: 2F 2-2: Strikes out swinging
|
|
Pitching: RHP Jim Tremel
|
|
|
Pinch Hitting: LHB Yasutoshi Hayashi
|
0-0: Ball 1-0: Ball 2-0: Foul Ball, location: 2F 2-1: Ball 3-1: DOUBLE (Flyball, 78D, EV 105.6 MPH) Jose Hilario to third
|
|
Batting: RHB Caleb Bockmann
|
0-0: Foul Ball, location: 2F 0-1: Called Strike 0-2: Ground out 6-3 (Groundball, 56D, EV 80.6 MPH)
|
| Top of the 9th over - 0 runs, 1 hit, 0 errors, 2 left on base; Minnesota (NYP) 6 - Everett 5 |
| BOTTOM OF THE 9TH |
|
Everett AquaSox batting - Pitching for Minnesota (NYP) Twins : LHP Travis Joyal
|
|
Pitching: LHP Yeijiro Kimura
|
|
|
Now at C: Juan Aguilar
|
|
|
Now at 2B: Rick Kendall
|
|
|
Now at SS: David McClellan
|
|
|
Pinch Hitting: RHB Tai Joo
|
0-0: Swinging Strike 0-1: Ball 1-1: Swinging Strike 1-2: Strikes out looking
|
|
Batting: RHB Jose Zuniga
|
0-0: Fly out, F8 (Line Drive, 8LM, EV 95.6 MPH)
|
|
Batting: RHB Omar Solis
|
0-0: Ball 1-0: Foul Ball, location: 2F 1-1: Ground out 6-3 (Groundball, 6, EV 86.2 MPH)
|
| Bottom of the 9th over - 0 runs, 0 hits, 0 errors, 0 left on base; Minnesota (NYP) 6 - Everett 5 |
|